 Dungeon Crawl Stone Soup version 0.21-a0-39-g28ea6b7 (console) character file.

113 nht the Cutter (level 5, -1/35 HPs)
             Began as a Halfling Berserker on May 31, 2017.
             Was a Believer of Trog.
             Slain by an adder (2 damage)
             ... on level 3 of the Dungeon.
             The game lasted 00:02:28 (1679 turns).

nht the Cutter (Halfling Berserker)                 Turns: 1679, Time: 00:02:29

Health: -1/35      AC:  2    Str: 18    XL:     5   Next: 17%
Magic:  5/5        EV: 15    Int:  5    God:    Trog [**....]
Gold:   145        SH:  0    Dex: 15    Spells: 4/4 levels left

rFire    . . .     SeeInvis .   a - +1 short sword
rCold    . . .     Gourm    .   (shield restricted)
rNeg     . . .     Faith    .   b - +0 animal skin
rPois    .         Spirit   .   (no helmet)
rElec    .         Reflect  .   (no cloak)
rCorr    .         Harm     .   (no gloves)
MR       .....                  (no boots)
Stlth    +.........             (no amulet)
Regen    0.2/turn               (no ring)
MPRegen  0.1/turn               (no ring)

@: lethally poisoned (-1 -> -7), berserk cooldown, slowed, very slow
A: mutation resistance 1
a: Berserk, Trog's Hand, Burn Spellbooks, Renounce Religion


You were on level 3 of the Dungeon.
You worshipped Trog.
Trog was pleased with you.
You were hungry.

You visited 1 branch of the dungeon, and saw 3 of its levels.

You collected 145 gold pieces.

Inventory:

Hand Weapons
 a - a +1 short sword (weapon)
Missiles
 j - 21 poisoned needles
Armour
 b - a +0 animal skin (worn)
Potions
 e - a potion of mutation
Comestibles
 c - 3 bread rations
 d - a chunk of flesh
 f - 3 royal jellies
 g - 2 meat rations


   Skills:
 - Level 2.6 Fighting
 + Level 6.6 Short Blades
 - Level 2.1 Armour
 - Level 2.1 Dodging


You had 4 spell levels left.
You didn't know any spells.

Dungeon Overview and Level Annotations

Branches:
Dungeon (3/15)

Altars:
Nemelex Xobeh


Innate Abilities, Weirdness & Mutations

You are small and have problems with some larger weapons.
You are somewhat resistant to further mutation.


Message History

You barely miss the adder.
* * * LOW HITPOINT WARNING * * *
You feel sick. The adder misses you.
You miss the adder.
* * * LOW HITPOINT WARNING * * *
You feel sick. The adder barely misses you. The adder bites you.
* * * LOW HITPOINT WARNING * * *
You closely miss the adder.
* * * LOW HITPOINT WARNING * * *
You feel sick. The adder bites you.
* * * LOW HITPOINT WARNING * * *
You hit the adder.
The adder is moderately wounded.
* * * LOW HITPOINT WARNING * * *
You feel sick. The adder bites you but does no damage.
The adder closely misses you.
You closely miss the adder.
The adder is moderately wounded.
The adder bites you.
You die...

.█. . ... .█
█████.███.██
█..........███
█............██
█..............
█.<............
█....).........
█....††@S<.....
█..............
█..............
█████.....█....
█.....█ ███
........
........██
███.████<.


You could see an adder.

Vanquished Creatures
  Terence (D:3)
  4 adders
  3 worms (D:2)
  2 giant cockroaches (D:1)
  4 goblins
  4 hobgoblins
  8 kobolds
  A ball python (D:1)
  11 bats
  4 frilled lizards
  6 rats
48 creatures vanquished.

Notes
Turn   | Place    | Note
-------+----------+-------------------------------------------
     0 | D:1      | nht the Halfling Berserker began the quest for the Orb.
     0 | D:1      | Reached XP level 1. HP: 15/15 MP: 1/1
    49 | D:1      | Reached skill level 4 in Short Blades
   146 | D:1      | Reached XP level 2. HP: 20/20 MP: 2/2
   355 | D:1      | Found a sparkling altar of Nemelex Xobeh.
   649 | D:1      | Reached XP level 3. HP: 13/25 MP: 3/3
   820 | D:2      | Reached skill level 5 in Short Blades
   878 | D:2      | Reached ** piety under Trog
  1117 | D:2      | HP: 1/25 [worm (8)]
  1221 | D:2      | Reached XP level 4. HP: 14/30 MP: 4/4
  1645 | D:3      | Noticed Terence
  1657 | D:3      | Killed Terence
  1657 | D:3      | Reached skill level 6 in Short Blades
  1658 | D:3      | Reached XP level 5. HP: 30/35 MP: 5/5
  1678 | D:3      | HP: 1/35 [poisoned by an adder]
  1679 | D:3      | Slain by an adder

Vault maps used:
D:1:      eino_arrival_tree_alley, minmay_misc_feat_tiny,
          nemelex_xobeh_ov_fountains_minmay
D:2:      patterned_corridor
D:3:      first_bread, uniq_terence

Skill      XL: |  1  2  3  4 |
---------------+-------------+-----
Short Blades   | 4 5 6 |  6.6
Fighting       | |  2.6
Armour         | |  2.1
Dodging        | |  2.1

Action                   |  1- 3 |  4- 6 || total
-------------------------+-------+-------++-------
Melee: Short sword       |   141 |    46 ||   187
Invok: Berserk           |     3 |     2 ||     5
  Use: Scroll            |     6 |       ||     6
       Potion            |     1 |       ||     1
 Stab: Sleeping          |     2 |       ||     2
  Eat: Chunk             |     2 |     1 ||     3
       Fruit             |       |     4 ||     4
Armor: Animal skin       |    34 |    15 ||    49
Dodge: Dodged            |   139 |    56 ||   195
